 Dungeon Crawl Stone Soup version 0.22.0-60-ga52c2fc (webtiles) character file.

105 Anon1729 the Chopper (level 4, -11/40 HPs)
             Began as a Naga Gladiator on Sept 9, 2018.
             Mangled by an orc
             ... wielding a +2 whip of electrocution
              (18 damage)
             ... on level 3 of the Dungeon.
             The game lasted 00:01:56 (1584 turns).

Anon1729 the Chopper (Naga Gladiator)               Turns: 1584, Time: 00:01:57

Health: -11/40     AC:  4    Str: 17    XL:     4   Next: 83%
Magic:  13/13      EV: 10    Int:  9    God:
Gold:   146        SH:  2    Dex: 12    Spells: 3/3 levels left

rFire    . . .     SeeInvis +   a - +0 war axe
rCold    . . .     Gourm    .   (no shield)
rNeg     . . .     Faith    .   b - +0 leather armour
rPois    +         Spirit   .   c - +0 helmet
rElec    .         Reflect  +   (no cloak)
rCorr    .         Harm     .   (no gloves)
MR       .....                  (no barding)
Stlth    +.........             l - +2 amulet of reflection
HPRegen  0.13/turn              m - ring of magical power (curse)
MPRegen  0.13/turn              (no ring)

@: very slow
A: large, see invisible, deformed body, poison resistance, slowness 2, slow
metabolism 1, spit poison 1, AC +1
a: Spit Poison


You were on level 3 of the Dungeon.
You were not hungry.

You visited 1 branch of the dungeon, and saw 3 of its levels.

You collected 146 gold pieces.

Inventory:

Hand Weapons
 a - a +0 war axe (weapon)
Missiles
 d - 3 throwing nets (quivered)
Armour
 b - a +0 leather armour (worn)
 c - a +0 helmet (worn)
Jewellery
 l - a +2 amulet of reflection (around neck)
 m - a cursed ring of magical power (left hand)
 u - an uncursed ring of protection from cold {unknown}
Scrolls
 h - 2 scrolls of teleportation
 i - a scroll of blinking {unknown}
 j - 2 scrolls of amnesia {unknown}
 p - 3 scrolls of identify {unknown}
 s - a scroll of noise {unknown}
 t - a scroll of enchant weapon {unknown}
 v - a scroll of remove curse {unknown}
Potions
 e - a potion of lignification {unknown}
 g - a potion of invisibility {unknown}
 k - 2 potions of curing {unknown}
 n - a potion of berserk rage {unknown}
 o - 2 potions of heal wounds {unknown}
 q - 2 potions of haste {unknown}
 w - a potion of magic {unknown}
Comestibles
 f - 2 rations
 r - 4 chunks of flesh


   Skills:
 + Level 2.7 Fighting
 * Level 4.0 Axes
 - Level 2.0 Throwing
 + Level 1.3 Armour
 + Level 2.9 Dodging


You had 3 spell levels left.
You didn't know any spells.
Your spell library was empty.

Dungeon Overview and Level Annotations

Branches:
Dungeon (3/15)

Altars:


Innate Abilities, Weirdness & Mutations

You cannot wear boots.
Your serpentine skin is tough. (AC +1)
You have supernaturally acute eyesight. (SInv)
Armour fits poorly on your strangely shaped body.
Your system is resistant to poisons. (rPois)
You cover ground very slowly.
You have a slow metabolism.
You can spit poison.


Message History

* * * LOW HITPOINT WARNING * * *
The orc wizard hits you with a dagger.
* * * LOW HITPOINT WARNING * * *
The bat hits you but does no damage. The orc closely misses you.
You slash the orc!
You kill the orc!
You closely miss the bat. You completely miss the orc.
You closely miss the orc wizard. The bat hits you but does no damage.
The orc wizard hits you with a dagger.
* * * LOW HITPOINT WARNING * * *
The orc closely misses you.
Unknown command.
You hit the orc.
The orc is lightly wounded.
You hit the orc wizard. The bat barely misses you. x2
The orc wizard misses you.
The orc hits you with a whip of electrocution.
* * * LOW HITPOINT WARNING * * *
You are electrocuted!
You die...

...##. ...##.. ...##..
...##.#
...##.##################
...##...................
...##....)......b)......
...##.........†.@o......
..###.#########.†o......
......#..# ...........
##...#...# #......######
##..#....# #......#
...#...### #......#
..#....# #.....[#
##..##.# #......#
##..##.#


You could see an orc wizard (invisible), an orc and a bat.

Vanquished Creatures
  4 adders
  2 oozes (D:2)
  2 worms
  A dart slug (D:2)
  3 leopard geckos
  5 orcs (D:3)
  A giant cockroach (D:2)
  3 goblins (D:2)
  6 hobgoblins
  2 jackals (D:1)
  5 bats
  4 frilled lizards
  4 kobolds
  5 rats
47 creatures vanquished.

Notes
Turn   | Place    | Note
-------+----------+-------------------------------------------
     0 | D:1      | Anon1729 the Naga Gladiator began the quest for the Orb.
     0 | D:1      | Reached XP level 1. HP: 19/19 MP: 1/1
   184 | D:1      | Reached XP level 2. HP: 26/26 MP: 2/2
   758 | D:2      | Reached XP level 3. HP: 20/32 MP: 3/3
   912 | D:2      | Reached skill level 1 in Armour
   919 | D:2      | Reached XP level 4. HP: 15/40 MP: 4/4
  1573 | D:3      | Reached skill level 4 in Axes
  1584 | D:3      | Mangled by an orc

Skill      XL: |  1  2  3  4 |
---------------+-------------+-----
Throwing       | 2 |  2.0
Armour         | 1 |  1.3
Axes           | 4 |  4.0
Fighting       | |  2.7
Dodging        | |  2.9

Action                   |  1- 3 |  4- 6 || total
-------------------------+-------+-------++-------
Melee: War axe           |    83 |    44 ||   127
  Use: Scroll            |     1 |       ||     1
  Eat: Chunk             |       |     2 ||     2
Armor: Leather armour    |    32 |    17 ||    49
Dodge: Dodged            |    66 |    38 ||   104
Block: Other             |     2 |     5 ||     7
